 Dungeon Crawl Stone Soup version 0.29.1-15-g9cfb28693d (webtiles) character file.

Game seed: 3105945017818918774

68 CatalinOSBI the Chopper (level 4, -1/41 HPs)
             Began as a Minotaur Berserker on Apr 5, 2023.
             Was a Believer of Trog.
             Killed from afar by Sigmund (5 damage)
             ... with a magic dart
             ... on level 2 of the Dungeon.
             The game lasted 00:07:10 (2386 turns).

CatalinOSBI the Chopper (Minotaur Berserker)        Turns: 2386, Time: 00:07:11

Health: -1/41      AC:  3    Str: 24    XL:     4   Next: 1%
Magic:  3/3        EV: 11    Int:  4    God:    Trog [**....]
Gold:   134        SH:  0    Dex:  9    Spells: 3/3 levels left

rFire   . . .      SeeInvis .   a - +0 hand axe
rCold   . . .      Faith    .   (no shield)
rNeg    . . .      Spirit   .   e - +0 leather armour
rPois   .          Reflect  .   (helmet restricted)
rElec   .          Harm     .   (no cloak)
rCorr   .          Rampage  .   (no gloves)
Will    ++...                   (no boots)
Stlth   +.........              (no amulet)
HPRegen 1.13/turn               (no ring)
MPRegen 0.08/turn               (no ring)

@: strong-willed, on berserk cooldown, regenerating, slowed, very slow
A: horns 2, retaliatory headbutt
a: Renounce Religion, Berserk, Trog's Hand


You were on level 2 of the Dungeon.
You worshipped Trog.
Trog was pleased with you.
You visited 1 branch of the dungeon, and saw 2 of its levels.

You collected 134 gold pieces.

Inventory:

Hand Weapons
 a - a +0 hand axe (weapon)
Armour
 b - a +0 animal skin
 e - a +0 leather armour (worn)
Scrolls
 c - a scroll of fog {unknown}
 d - a scroll of brand weapon {unknown}
 g - 2 scrolls of identify {unknown}
 h - a scroll of blinking {unknown}
Potions
 f - a potion of curing {unknown}


   Skills:
 + Level 4.3 Fighting
 + Level 4.3 Axes
 * Level 4.0 Armour
 - Level 2.2 Dodging


You had 3 spell levels left.
You didn't know any spells.
Your spell library was empty.

Dungeon Overview and Level Annotations

Branches:
Dungeon (2/15)

Altars:

Annotations:
D:2 Sigmund


Innate Abilities, Weirdness & Mutations

You have a pair of horns on your head.
You reflexively headbutt those who attack you in melee.


Message History

The bat attacks as you move away! The bat hits you but does no damage.
The bat hits you. The bat hits you but does no damage.
The bat barely misses you. The bat hits you. The bat misses you.
The bat hits you. The bat hits you but does no damage.
Sigmund casts a spell.
Sigmund flickers and vanishes!
Deactivating autopickup; reactivate with Ctrl-A.
You slash the bat!
You kill the bat!
Trog accepts your kill. Something hits you!
A red film seems to cover your vision as you go berserk!
You feel yourself moving faster!
You feel mighty! Something hits you.
You feel a strong urge to attack something.
You see here a bat corpse.
Something hits you!
You feel your anger nearly subside.
You are no longer berserk.
You are exhausted.
You feel yourself slow down. Something hits you but does no damage.
You see here a bat corpse.
You closely miss something.
You hear some strange, mumbled words.
A puff of flame appears from out of thin air!
The puff of flame hits you!
* * * LOW HITPOINT WARNING * * *
Something hits you.
* * * LOW HITPOINT WARNING * * *
Something hits you but does no damage.
You hear some strange, mumbled words.
Something tries to affect you, but you resist.
Your skin crawls.
You feel strong-willed.
A magic dart appears from out of thin air!
The magic dart hits you.
* * * LOW HITPOINT WARNING * * *
A magic dart appears from out of thin air!
The magic dart hits you.
You die...

###.#...<............# #
..†..#####.#.........#.#
.........#.#.........#.#
########.#.#.###.......#
#.#.###.....#####
#.#......>.......
#.######..#######
#.#.w{...........
#†###@#........ #.#
#...####### #w# ###.####
#?# #....# #.# #....#
#######.# #....#
........#####....#
###.......†......#
+..............#


You could see a worm.

Vanquished Creatures
  An adder (D:2)
  4 dart slugs
  4 endoplasms
  6 giant cockroaches
  5 goblins (D:1)
  2 hobgoblins
  3 jackals (D:1)
  2 quokkas (D:1)
  5 ball pythons (D:1)
  2 bats (D:2)
  A frilled lizard (D:1)
  6 kobolds (D:1)
  6 rats (D:1)
47 creatures vanquished.

Notes
Turn   | Place    | Note
-------+----------+-------------------------------------------
     0 | D:1      | CatalinOSBI the Minotaur Berserker began the quest for the
                  | Orb.
     0 | D:1      | Reached XP level 1. HP: 19/19 MP: 0/0
     6 | D:1      | Noticed an anaconda
     6 | D:1      | Noticed a black bear
     6 | D:1      | Noticed a killer bee
     7 | D:1      | Noticed a hog
   202 | D:1      | Reached XP level 2. HP: 21/27 MP: 1/1
   954 | D:1      | Reached XP level 3. HP: 24/33 MP: 2/2
  1077 | D:1      | Found a faded altar of an unknown god.
  1097 | D:1      | Reached ** piety under Trog
  2351 | D:2      | Reached XP level 4. HP: 40/40 MP: 3/3
  2354 | D:2      | Noticed Sigmund
  2386 | D:2      | Killed from afar by Sigmund

Illustrated notes

Levels and vault maps discovered:
D:1:      onia_arrival_zoo_common, layout_basic,
          shapermc_ecumenical_altar_pompeii, minmay_hedge_maze, hex_medium,
          minmay_octomino_c4
D:2:      layout_basic, uniq_sigmund

Skill      XL: |  1  2  3 |
---------------+----------+-----
Armour         | 3 4 |  4.0
Axes           | 4 |  4.3
Fighting       | 4 |  4.3
Dodging        | |  2.2

Action                   |  1- 3 |  4- 6 || total
-------------------------+-------+-------++-------
Melee: Hand axe          |   115 |     2 ||   117
       Headbutt          |    17 |       ||    17
Invok: Berserk           |       |     1 ||     1
       Trog's Hand       |       |     1 ||     1
Armor: Leather armour    |    34 |     9 ||    43
       Animal skin       |     1 |       ||     1
Dodge: Dodged            |    61 |     5 ||    66
